 Dungeon Crawl Stone Soup version 0.17.1-1-g73c8601 (webtiles) character file.

163 onyx93 the Changer (level 5, -11/37 HPs)
             Began as a Merfolk Transmuter on Dec 19, 2015.
             Mangled by an orc warrior
             ... wielding a +0 halberd
              (14 damage)
             ... on level 4 of the Dungeon.
             The game lasted 00:08:38 (4219 turns).

onyx93 the Changer (Merfolk Transmuter)             Turns: 4219, Time: 00:08:39

Health: -11/37     AC:  2    Str: 10    XL:     5   Next: 44%
Magic:  5/8        EV: 21    Int: 14    God:
Gold:   154        SH:  0    Dex: 19    Spells: 2 memorised, 4 levels left

rFire  . . .     SeeInvis .       - Unarmed
rCold  . . .     Clarity  .     (armour currently unavailable)
rNeg   . . .     SustAt   .     (shield currently unavailable)
rPois  x         Gourm    .     (helmet currently unavailable)
rElec  .         Spirit   .     (cloak currently unavailable)
rCorr  .         Warding  .     (gloves currently unavailable)
rMut   .         Stasis   .     (boots currently unavailable)
MR     .....                    (no amulet)
Stlth  ++........               (no ring)
                                (no ring)

@: spider-form, not resistant to hostile enchantments, unstealthy
A: (change form in water), (swift swim)
a: End Transformation


You were on level 4 of the Dungeon.
You were very hungry.
You were a venomous arachnid creature.
You visited 1 branch of the dungeon, and saw 4 of its levels.

You collected 154 gold pieces.

Inventory:

Hand Weapons
 f - a +0 dagger of venom (melded)
 g - a +0 whip of venom
Missiles
 a - 12 arrows
 m - 21 poisoned needles
 r - 15 arrows of frost
Armour
 b - a +0 robe (melded)
 v - a +0 cloak (melded)
 w - a +1 robe of the Archmagi
Jewellery
 p - an uncursed ring of stealth {unknown}
 t - a cursed -3 ring of strength {unknown}
Scrolls
 e - 2 scrolls of amnesia {unknown}
 k - 2 scrolls of remove curse
 l - a scroll of teleportation {unknown}
 n - 2 scrolls of recharging {unknown}
 o - a scroll of enchant armour {unknown}
 s - 2 scrolls of identify {unknown}
 u - a scroll of fog {unknown}
Potions
 i - a potion of haste {unknown}
 j - 2 potions of curing {unknown}
 q - 2 potions of lignification {unknown}
 x - a potion of brilliance {unknown}
 z - a potion of degeneration {unknown}
 A - a potion of resistance {unknown}
Books
 c - a book of Changes

   Spells                             Type                      Level
   a - Beastly Appendage              Transmutation                1
   b - Sticks to Snakes               Transmutation                2
   c - Spider Form                    Transmutation/Poison         3
   d - Ice Form                       Ice/Transmutation            4
   e - Blade Hands                    Transmutation                5
 y - a book of Cantrips

   Spells                             Type                      Level
   a - Corona                         Hexes                        1
   b - Animate Skeleton               Necromancy                   1
   c - Summon Small Mammal            Summoning                    1
   d - Apportation                    Translocation                1
Comestibles
 d - 2 bread rations
 h - a royal jelly


   Skills:
 - Level 1.1 Fighting
 - Level 2.6 Dodging
 - Level 4.4 Unarmed Combat
 - Level 2.0 Spellcasting
 + Level 6.2 Transmutations


You had 4 spell levels left.
You knew the following spells:

 Your Spells              Type           Power        Failure   Level  Hunger
a - Beastly Appendage     Trmt           ###...       8%          1    ##.....
b - Spider Form           Trmt/Pois      ##........   41%         3    ####...


Dungeon Overview and Level Annotations

Branches:
Dungeon (4/15)
 Temple: D:4-7

Altars:
Fedhas
Kikubaaqudgha
Qazlal
Ru
Zin

Shops:
D:4 }


Message History

The orc moves out of view.
The orc barely misses you.
You hit the orc.
The orc is poisoned.
The orc is almost dead.
The orc closely misses you.
You bite the orc!
You kill the orc!
The orc warrior hits you with a halberd!
Found a crooked glass wand.
Things that are here:
a flail; an orc corpse You bite the orc warrior!
The orc warrior is moderately wounded.
The orc warrior closely misses you.
You barely miss the orc warrior.
The orc warrior is moderately wounded.
The orc warrior hits you with a halberd!
* * * LOW HITPOINT WARNING * * *
The orc warrior hits you from afar with a halberd!
You die... #........# #........ #..∩.... #...... /.... .oo

#o# #)# #s# .
#.# ...
##.##.....
#.<.......
.........#.....
.######.## ....
..# ... ... ..
....


p You could see an orc warrior and 2 orcs.

Vanquished Creatures
  Jessica (D:3)
  6 adders
  2 oozes (D:2)
  2 worms
  3 giant geckos
  3 orcs
  10 bats
  3 giant cockroaches
  7 goblins
  4 hobgoblins
  6 jackals
  2 quokkas (D:3)
  2 ball pythons (D:3)
  3 giant newts
  7 kobolds
  3 rats
64 creatures vanquished.

Notes
Turn   | Place    | Note
--------------------------------------------------------------
     0 | D:1      | onyx93 the Merfolk Transmuter began the quest for the Orb.
     0 | D:1      | Reached XP level 1. HP: 15/15 MP: 3/3
   649 | D:1      | Reached XP level 2. HP: 19/21 MP: 5/5
   768 | D:1      | Reached skill level 4 in Unarmed Combat
  1747 | D:2      | Found a stormy altar of Qazlal.
  1748 | D:2      | Noticed an air elemental
  1765 | D:2      | Noticed a water elemental
  1766 | D:2      | Noticed a fire elemental
  1766 | D:2      | Noticed an earth elemental
  1778 | D:2      | Reached XP level 3. HP: 17/26 MP: 6/6
  1783 | D:2      | Learned a level 3 spell: Spider Form
  1966 | D:2      | Found a glowing silver altar of Zin.
  1966 | D:2      | Noticed an angel
  2501 | D:2      | Reached XP level 4. HP: 25/32 MP: 7/7
  2667 | D:2      | Found a sacrificial altar of Ru.
  3110 | D:3      | Noticed Jessica
  3119 | D:3      | Killed Jessica
  3119 | D:3      | Reached skill level 5 in Transmutations
  3363 | D:3      | Found an ancient bone altar of Kikubaaqudgha.
  3364 | D:3      | Found a blossoming altar of Fedhas.
  3424 | D:3      | Reached XP level 5. HP: 24/37 MP: 8/8
  3756 | D:3      | Reached skill level 6 in Transmutations
  4209 | D:4      | Noticed a slave
  4210 | D:4      | Noticed a slave
  4210 | D:4      | Noticed an orc warrior
  4211 | D:4      | Found Nudyw's Gadget Emporium.
  4219 | D:4      | Mangled by an orc warrior

Action                   |  1- 3 |  4- 6 || total
-------------------------+-------+-------++-------
Melee: Dagger            |   117 |    88 ||   205
       Unarmed           |     8 |     4 ||    12
 Cast: Spider Form       |       |     1 ||     1
  Use: Potion            |     2 |       ||     2
       Scroll            |       |     1 ||     1
 Stab: Sleeping          |     2 |     1 ||     3
  Eat: Chunk             |     5 |     4 ||     9
